 Dungeon Crawl Stone Soup version 0.17-a0-1399-gd5b76e1 (webtiles) character file.

219 urechis the Spear-Bearer (level 5, -3/38 HPs)
             Began as a Merfolk Gladiator on June 19, 2015.
             Slain by Menkaure (21 damage)
             ... on level 4 of the Dungeon.
             The game lasted 00:03:53 (2568 turns).

urechis the Spear-Bearer (Merfolk Gladiator)        Turns: 2568, Time: 00:03:54

Health: -3/38      AC:  6    Str: 16    XL:     5   Next: 96%
Magic:  5/5        EV: 13    Int:  7    God:
Gold:   188        SH:  0    Dex: 15    Spells: 0 memorised, 4 levels left

rFire  . . .     SeeInvis .     a - +0 trident
rCold  . . .     Clarity  .     b - +0 leather armour
rNeg   . . .     SustAt   .     (no shield)
rPois  .         Gourm    .     n - +2 hat
rElec  .         Spirit   .     p - +0 cloak
rCorr  .         Warding  .     (no gloves)
rMut   .         Stasis   .     (no boots)
MR     .....                    (no amulet)
Stlth  +.........               (no ring)
                                (no ring)

@: not resistant to hostile enchantments, very unstealthy
A: change form in water, swift swim
a: no special abilities


You were on level 4 of the Dungeon.
You were very hungry.

You visited 1 branch of the dungeon, and saw 4 of its levels.

You collected 188 gold pieces.

Inventory:

Hand weapons
 a - a +0 trident (weapon)
Missiles
 d - 3 throwing nets (quivered)
Armour
 b - a +0 leather armour (worn)
 n - a +2 hat (worn)
 p - a +0 cloak (worn)
Jewellery
 e - a cursed amulet of inaccuracy {unknown}
Scrolls
 g - 6 scrolls of identify {unknown}
 h - a scroll of teleportation {unknown}
 l - a scroll of magic mapping {unknown}
 m - a scroll of noise {unknown}
 o - 4 scrolls of remove curse {unknown}
 v - a scroll of blinking {unknown}
 w - a scroll of enchant weapon {unknown}
Potions
 c - a potion of poison {unknown}
 f - 2 potions of cure mutation {unknown}
 i - 3 potions of curing
 r - 2 potions of haste {unknown}
 s - 2 potions of might {unknown}
 u - a potion of heal wounds {unknown}
Comestibles
 j - a beef jerky
 k - 2 bread rations
 q - a meat ration


   Skills:
 - Level 2.1 Fighting
 + Level 9.3 Polearms
 - Level 2.0 Throwing
 - Level 4.0 Dodging


You had 4 spell levels left.
You didn't know any spells.

Dungeon Overview and Level Annotations

Branches:
Dungeon (4/15)
 Temple: D:4-7

Altars:
Makhleb
Okawaru

Annotations:
D:4 Menkaure


Message History

You are too injured to fight recklessly!
You are too injured to fight recklessly!
You are too injured to fight recklessly!
You are too injured to fight recklessly!
You are too injured to fight recklessly!
You are too injured to fight recklessly!
You are too injured to fight recklessly!
You are too injured to fight recklessly!
You are too injured to fight recklessly!
You are too injured to fight recklessly!
You are too injured to fight recklessly!
You are too injured to fight recklessly!
You are too injured to fight recklessly!
Drink which item? (? for menu, Esc to quit)
It was a potion of curing.
You feel better. Menkaure closely misses you.
You hit Menkaure.
Menkaure is moderately damaged.
Menkaure hits you!!
Ouch! That really hurt!
You die...

.##########
.....rM@.(#
.########.#
#.# #.# #.#
#.# #.#
#####.#######
#...........#


You could see Menkaure and a rat.

Vanquished Creatures
  A hound (D:2)
  An orc wizard (D:3)
  A hound skeleton (D:3)
  Robin (D:4)
  5 adders
  An ooze (D:1)
  An adder skeleton (D:4)
  A worm (D:3)
  3 giant geckos
  3 orcs (D:3)
  A ball python (D:2)
  3 giant cockroaches
  14 goblins
  9 hobgoblins
  14 jackals
  4 quokkas
  4 bats
  2 giant newts
  6 kobolds
  8 rats
83 creatures vanquished.

Notes
Turn   | Place    | Note
--------------------------------------------------------------
     0 | D:1      | urechis the Merfolk Gladiator began the quest for the Orb.
     0 | D:1      | Reached XP level 1. HP: 16/16 MP: 1/1
   170 | D:1      | Reached skill level 5 in Polearms
   177 | D:1      | Reached XP level 2. HP: 22/22 MP: 2/2
   409 | D:1      | Reached XP level 3. HP: 27/27 MP: 3/3
   495 | D:1      | Reached skill level 6 in Polearms
   900 | D:2      | Reached XP level 4. HP: 29/33 MP: 4/4
   985 | D:2      | Reached skill level 7 in Polearms
  1293 | D:2      | Found an iron altar of Okawaru.
  1338 | D:2      | Found a burning altar of Makhleb.
  1723 | D:3      | Reached skill level 8 in Polearms
  1723 | D:3      | Reached XP level 5. HP: 28/38 MP: 5/5
  2533 | D:4      | Noticed Robin
  2538 | D:4      | Reached skill level 9 in Polearms
  2545 | D:4      | Noticed Menkaure
  2547 | D:4      | Killed Robin
  2568 | D:4      | Slain by Menkaure

Vault maps used:
D:1:      co_arrival_square_in_a_square_in_a_square
D:2:      minmay_door_path, makhleb_blood_cavern_becter, okawaru_trees_1,
          grunt_decor_one_mirror, minivault_23, serial_park_tiny_pond
D:3:      kennysheep_six_static_rooms
D:4:      grunt_ministairs_7, lexackson_kobold_supper, uniq_robin, uniq_menkaure

Action                   |  1- 3 |  4- 6 || total
-------------------------+-------+-------++-------
Melee: Trident           |   106 |   215 ||   321
  Use: Potion            |       |     1 ||     1
 Stab: Sleeping          |     5 |     2 ||     7
       Distracted        |       |     1 ||     1
  Eat: Bread ration      |     1 |       ||     1
